 Dungeon Crawl Stone Soup version 0.30-a0-953-g5f1da4a474 (webtiles) character file.

Game seed: 3016316668630111653

114 cforsyth the Trooper (level 5, 0/43 HPs)
             Began as a Formicid Fighter on Mar 28, 2023.
             Killed from afar by Sigmund (4 damage)
             ... with a puff of flame
             ... on level 4 of the Dungeon.
             The game lasted 00:01:56 (2177 turns).

cforsyth the Trooper (Formicid Fighter)             Turns: 2177, Time: 00:01:56

Health: 0/43       AC:  8    Str: 20 (23) XL:     5   Next: 19%
Magic:  5/5        EV:  9    Int:  5 (7)  God:
Gold:   95         SH:  4    Dex: 10 (13) Spells: 4/4 levels left

rFire   . . .      SeeInvis +    a - +0 flail
rCold   . . .      Faith    .    c - +0 buckler
rNeg    . . .      Spirit   .    b - +0 scale mail
rPois   .          Reflect  .    (helmet unavailable)
rElec   .          Rampage  .    g - +0 cloak
rCorr   .                        (no gloves)
Will    .....                    (no boots) Stlth
                                 (no amulet)
HPRegen 0.27/turn                (no ring)
MPRegen 0.09/turn                (no ring)

@: no status effects
A: permanent stasis, dig shafts and tunnels, antennae 3, four strong arms
a: Dig, Shaft Self


You were on level 4 of the Dungeon.
You visited 1 branch of the dungeon, and saw 4 of its levels.

You collected 95 gold pieces.

Inventory:

Hand Weapons
 a - a +0 flail (weapon)
Armour
 b - a +0 scale mail (worn)
 c - a +0 buckler (worn)
 g - a +0 cloak (worn)
Jewellery
 f - a ring of positive energy
 m - a ring of flight
Scrolls
 e - 6 scrolls of identify {unknown}
 h - 2 scrolls of teleportation {unknown}
 i - a scroll of brand weapon {unknown}
 k - a scroll of fear {unknown}
 l - a scroll of fog {unknown}
 q - a scroll of silence {unknown}
Potions
 d - 2 potions of might
 o - a potion of heal wounds {unknown}
 p - a potion of curing {unknown}


   Skills:
 + Level 4.3 Fighting
 * Level 4.2 Maces & Flails
 - Level 3.2 Armour
 - Level 4.0 Shields


You had 4 spell levels left.
You didn't know any spells.
Your spell library was empty.

Dungeon Overview and Level Annotations

Branches:
Dungeon (4/15)
 Temple: D:4-7

Altars:
Trog

Annotations:
D:4 Grinder; Mickster's ghost, amateur HOBe; Sigmund


Innate Abilities, Weirdness & Mutations

You cannot be hasted, slowed, berserked, paralysed or teleported.
You can dig through walls and to a lower floor.
You have a pair of large antennae on your head. (SInv)
Your four strong arms can wield two-handed weapons with a shield.


Message History

The magic dart hits you.
Found 17 gold pieces.
Sigmund points at you and mumbles some strange words.
You are confused.
You see here 15 gold pieces.
You are too confused!
You are too confused!
You are too confused!
You are too confused!
You are too confused!
You are too confused!
You are too confused!
You are too confused!
You are too confused!
Grinder comes into view.
Grinder shouts!
Sigmund hits you with a +0 scythe.
You closely miss Sigmund.
Grinder blinks!
Sigmund hits you with a +0 scythe!
Sigmund screams, "Die, monster!"
Sigmund hits you from afar with a +0 scythe!
* * * LOW HITPOINT WARNING * * *
Sigmund points at you and mumbles some strange words.
You are more confused.
You see here 15 gold pieces.
Sigmund hits you from afar with a +0 scythe.
* * * LOW HITPOINT WARNING * * *
Sigmund casts a spell at you.
The puff of flame hits you but does no damage.
Sigmund hits you from afar with a +0 scythe.
* * * LOW HITPOINT WARNING * * *
Grinder blinks!
Sigmund hits you but does no damage.
It was a potion of degeneration.
There was something very wrong with that liquid.
You feel weakened.
You feel dopey.
You feel clumsy.
You feel less confused.
It was a potion of berserk rage.
Your stasis prevents you from going berserk.
Sigmund gestures at you while chanting. The puff of flame hits you.
You die...

#... #...#. S#...
##...###...#.......#... ..
#.....##...#...g!..#...
##.##..........#{.Wggh{#...
.#..............#########...
......###...................
#......#.†$................
.##....#......## ##.....#...
......5...@@...# #........#.
.........$.....###..########
...............##...# #####
.............#..#..#####.#..
............##....##........
...^........###..###...#.##.
............##...###..(####.
.............)...#.###.####.
.....$###...........#.......


You could see Grinder and Sigmund.

Vanquished Creatures
  An iguana (D:4)
  3 adders
  An ufetubus (D:4)
  A worm (D:3)
  3 dart slugs
  4 bats (D:1)
  8 endoplasms
  A giant cockroach (D:2)
  3 hobgoblins
  A quokka (D:3)
  7 ball pythons
  2 frilled lizards (D:1)
  4 goblins
  6 kobolds
  2 rats (D:1)
47 creatures vanquished.

Notes
Turn   | Place    | Note
-------+----------+-------------------------------------------
     0 | D:1      | cforsyth the Formicid Fighter began the quest for the Orb.
     0 | D:1      | Reached XP level 1. HP: 18/18 MP: 1/1
    57 | D:1      | Found a faded altar of an unknown god.
   126 | D:1      | Reached XP level 2. HP: 21/24 MP: 2/2
   348 | D:1      | Reached XP level 3. HP: 30/30 MP: 3/3
  1275 | D:2      | Reached XP level 4. HP: 37/37 MP: 4/4
  1813 | D:3      | Found a bloodstained altar of Trog.
  2109 | D:4      | Noticed an orc warrior
  2110 | D:4      | Noticed a black bear
  2112 | D:4      | Noticed Mickster's ghost (amateur HOBe)
  2129 | D:4      | Reached XP level 5. HP: 35/42 MP: 5/5
  2157 | D:4      | Noticed Sigmund
  2163 | D:4      | Noticed Grinder
  2177 | D:4      | Killed from afar by Sigmund

Illustrated notes

Levels and vault maps discovered:
D:1:      heliophobic_arrival_ceremonial_halls, layout_loops_ring,
          ebering_ecumenical_altar_sacrificial, minmay_misc_feat_plants,
          glass_columns_a
D:2:      layout_basic, minmay_splitting_lines
D:3:      layout_rooms, trog_book
D:4:      layout_cave_pools, gammafunk_ghost_split, uniq_grinder, uniq_sigmund

Skill      XL: |  1  2  3  4 |
---------------+-------------+-----
Maces & Flails | 3 4 |  4.2
Fighting       | 4 |  4.3
Armour         | |  3.2
Shields        | |  4.0

Action                     |  1- 3 |  4- 6 || total
---------------------------+-------+-------++-------
  Melee: Flail             |    63 |    52 ||   115
    Use: Potion            |       |     2 ||     2
 Armour: Scale mail        |    20 |    31 ||    51
  Dodge: Dodged            |    29 |    27 ||    56
  Block: Buckler           |    19 |    16 ||    35

Table legend: (Time is in decaauts)
 A = Elapsed time spent in this place.
 B = Non-inter-level travel time spent in this place.
 C = Inter-level travel time spent in this place.
 D = Time resting spent in this place.
 E = Time spent auto-exploring this place.
 F = Levels seen in this place.
 G = Mean time per level.
                   A        B        C        D        E       F      G
               +--------+--------+--------+--------+--------+-----+--------+
         Total |   2208 |   2095 |    113 |      0 |   1766 |   4 |  552.0 |
       Dungeon |   2208 |   2095 |    113 |      0 |   1766 |   4 |  552.0 |
               +--------+--------+--------+--------+--------+-----+--------+

Top non-repeatable levels by time:
     D:2: 897 daAuts
     D:1: 664 daAuts
     D:3: 512 daAuts
     D:4: 134 daAuts
